 Dungeon Crawl Stone Soup version 0.19.0-19-g8c6edcc (webtiles) character file.

21571 tomat the Bludgeoner (level 12, -13/168 HPs)
             Began as a Minotaur Berserker on Nov 13, 2016.
             Was a High Priest of Trog.
             Mangled by a naga warrior
             ... wielding a +0 trident
              (24 damage)
             ... on level 1 of the Snake Pit.
             The game lasted 00:54:00 (9422 turns).

tomat the Bludgeoner (Minotaur Berserker)           Turns: 9422, Time: 00:54:00

Health: -13/168    AC: 10    Str: 29    XL:     12   Next: 55%
Magic:  11/11      EV: 12    Int:  4    God:    Trog [*****.]
Gold:   683        SH:  0    Dex: 13    Spells: 0 memorised, 11 levels left

rFire  . . .     SeeInvis .     y - +10 eveningstar of the Beast {drain, rElec rPois MR+}
rCold  . . .     Gourm    .     M - +0 scale mail {rPois}
rNeg   . . .     Faith    .     (no shield)
rPois  +         Spirit   .     G - +2 hat {MR+}
rElec  +         Reflect  .     (no cloak)
rCorr  .         Harm     .     (no gloves)
MR     +++++                    (no boots)
Stlth  ..........               a - amulet of regeneration
                                w - ring of protection from magic
                                j - ring of poison resistance

@: berserking, lethally poisoned (-13 -> -13), regenerating, constricted, very
quick
A: retaliatory headbutt, horns 2
a: Berserk, Trog's Hand, Brothers in Arms, Burn Spellbooks, Renounce Religion


You were on level 1 of the Snake Pit.
You worshipped Trog.
Trog was extremely pleased with you.
You were not hungry.

You visited 3 branches of the dungeon, and saw 14 of its levels.

You collected 683 gold pieces.

Inventory:

Hand Weapons
 d - a +2 whip of electrocution
 u - a +3 flail of holy wrath
 y - the +10 eveningstar of the Beast (weapon) {drain, rElec rPois MR+}
   (You acquired it on level 7 of the Dungeon)

   A truly terrible weapon, it drains the life of those it strikes.
   It insulates you from electricity.
   It protects you from poison.
   It affects your resistance to hostile enchantments.
 H - a +3 hunting sling of velocity
 V - the +9 dire flail of No Interval {drain, MR- Int+3 Dex+3}
   (Trog gifted it to you on level 3 of the Lair of Beasts)

   A truly terrible weapon, it drains the life of those it strikes.
   It affects your intelligence (+3).
   It affects your dexterity (+3).
   It affects your resistance to hostile enchantments.
Missiles
 l - 5 poisoned tomahawks (quivered)
 s - 5 tomahawks of returning
 I - 51 stones
Armour
 z - a +1 scale mail of positive energy
 G - a +2 hat of magic resistance (worn)
 M - a +0 scale mail of poison resistance (worn)
Jewellery
 a - an amulet of regeneration (around neck)
 e - an uncursed amulet of rage
 j - a ring of poison resistance (left hand)
 w - a ring of protection from magic (right hand)
 x - an uncursed ring of stealth
 C - an uncursed amulet of the gourmand
 J - an uncursed ring of wizardry
 L - an uncursed ring of protection from cold
 N - a +4 ring of evasion
 P - an uncursed amulet of guardian spirit
Wands
 o - a wand of flame (21/48)
 p - a wand of confusion (10/48)
 r - a wand of iceblast (4/15)
 t - a wand of lightning (9/15)
 E - a wand of confusion (28/48)
 K - a wand of teleportation (6/9)
 O - a wand of iceblast (12/15)
 U - a wand of iceblast (1/15)
Scrolls
 b - 2 scrolls of immolation
 h - 3 scrolls of remove curse
 i - 2 scrolls of identify
 v - 2 scrolls of magic mapping
 A - 2 scrolls of blinking
 D - a scroll of teleportation
 Q - a scroll of acquirement
 S - 2 scrolls of enchant armour
Potions
 n - a potion of cancellation
 q - 2 potions of mutation
 B - 5 potions of flight
 T - a potion of magic
Miscellaneous
 F - a crystal ball of energy
Comestibles
 c - a bread ration
 f - 9 meat rations
 g - 2 beef jerkies
 k - 30 fruits
 m - 2 slices of pizza
 R - 16 royal jellies


   Skills:
 + Level 12.2 Fighting
   Level 4.6(11.8) Axes
 + Level 16.2(16.4) Maces & Flails
 + Level 10.1 Armour
 + Level 8.2 Dodging
 + Level 3.4 Stealth


You had 11 spell levels left.
You didn't know any spells.

Dungeon Overview and Level Annotations

Branches:
Dungeon (10/15)            Temple (0/1) D:4            Lair (3/6) D:10
  Snake (1/4) Lair:3
  Swamp: Lair:2-4    Shoals: Lair:2-4       Orc: D:9-12

Altars:
Cheibriados
Dithmenos
Fedhas
Gozag
Hepliaklqana
Makhleb
Okawaru
Sif Muna
Trog
Uskayaw
Xom
Zin
The Shining One
Beogh

Shops:
D:4 [

Annotations:
Snake:1 Louise


Innate Abilities, Weirdness & Mutations

You reflexively headbutt those who attack you in melee.
You have a pair of horns on your head.


Message History

Here: a black mamba The floor, spattered with blood.
You miss the black mamba. You headbutt the black mamba.
The black mamba is lightly wounded.
* * * LOW HITPOINT WARNING * * *
You are poisoned.
The black mamba barely misses you. The anaconda grabs you.
The anaconda completely misses you.
* * * LOW HITPOINT WARNING * * *
The anaconda constricts you. The black mamba misses you.
You furiously retaliate!
You headbutt the black mamba! You puncture the black mamba!
You headbutt the black mamba.
The black mamba is heavily wounded.
You feel sick. The black mamba barely misses you. You furiously retaliate!
You headbutt the black mamba!
The anaconda bites you but does no damage.
* * * LOW HITPOINT WARNING * * *
The anaconda constricts you.
The naga warrior hits you from afar with a trident!!
You die...

.. .. #. #.
#.######## ##.
#.........
.....#.........
.....N.@.@....>
##....SSS......
......N........
##..?..........
#[............
#..........###
#.........!#
#..........#


You could see Louise, a naga warrior, an anaconda, a naga ritualist and 2 black
mambas.

Vanquished Creatures
  Gastronok (D:9)
  A hydra (Lair:3)
  The ghost of TheWoodenMan the Destroyer, a novice DrCj of Sif Muna (D:10)
  The ghost of Vajrapani the Basher, a novice MiFi of Hepliaklqana (Lair:1)
  2 anacondas (Snake:1)
  2 centaur zombies
  6 elephants (Lair:3)
  Maurice (D:9)
  A black mamba (Lair:3)
  3 spiny frogs
  The ghost of Kilrog the Poker, a novice MfEE (D:4)
  A komodo dragon (Lair:3)
  The ghost of tomat the Cudgeler, an amateur MiBe of Trog (D:5)
  A queen bee (Lair:2)
  A troll (D:10)
  3 blink frogs (Lair:2)
  Grinder (D:3)
  5 hippogriffs
  19 yaks
  2 wyverns
  A basilisk (Lair:2)
  Grum (D:9)
  5 nagas (Lair:3)
  5 water moccasins
  4 orc warriors (D:8)
  4 porcupines
  A phantom (D:9)
  2 ice beasts (D:7)
  A necrophage (D:7)
  2 wolves (D:9)
  3 centaurs
  3 crocodiles
  A big kobold (D:9)
  12 bullfrogs
  Blork the orc (D:4)
  3 scorpions
  29 killer bees
  4 wights (D:7)
  A howler monkey (D:8)
  5 crimson imps
  6 orc priests
  4 bullfrog skeletons
  4 hounds
  3 jellies
  6 orc wizards
  2 centaur skeletons
  5 iguanas
  7 worker ants
  A killer bee zombie (D:5)
  3 hound skeletons
  A worker ant zombie (D:8)
  3 gnolls (D:6)
  7 adders
  2 oozes
  An adder skeleton (D:8)
  An adder zombie (D:6)
  3 worms
  A dart slug (D:2)
  8 leopard geckos
  50 orcs
  7 bats
  5 giant cockroaches
  7 goblins
  8 hobgoblins
  2 jackals (D:2)
  14 kobolds
  5 quokkas
  A ball python (D:2)
  3 frilled lizards
  A jackal skeleton (D:8)
  A leopard gecko skeleton (D:4)
  A quokka zombie (D:7)
  6 rats
321 creatures vanquished.

Vanquished Creatures (others)
  A dart slug (D:3)
  A hobgoblin (D:3)
  2 fungi
  A plant (Lair:3)
5 creatures vanquished.

Grand Total: 326 creatures vanquished

Notes
Turn   | Place    | Note
-------+----------+-------------------------------------------
     0 | D:1      | tomat the Minotaur Berserker began the quest for the Orb.
     0 | D:1      | Reached XP level 1. HP: 19/19 MP: 0/0
    45 | D:1      | Reached XP level 2. HP: 24/27 MP: 1/1
   527 | D:2      | Found a bloodstained altar of Trog.
   542 | D:2      | Reached XP level 3. HP: 33/33 MP: 2/2
   643 | D:2      | Reached ** piety under Trog
  1121 | D:2      | Reached skill level 1 in Maces & Flails
  1121 | D:2      | Reached XP level 4. HP: 33/40 MP: 3/3
  1443 | D:3      | HP: 2/40 [poisoned by an orc]
  1753 | D:3      | Found a hide-covered altar of Uskayaw.
  1761 | D:3      | Noticed Grinder
  1783 | D:3      | Killed Grinder
  1783 | D:3      | Reached skill level 3 in Maces & Flails
  1783 | D:3      | Reached skill level 1 in Stealth
  1783 | D:3      | Reached XP level 5. HP: 22/47 MP: 4/4
  1783 | D:3      | Reached XP level 6. HP: 26/55 MP: 5/5
  2310 | D:3      | Reached skill level 5 in Fighting
  2313 | D:3      | Reached skill level 4 in Maces & Flails
  2533 | D:4      | Reached *** piety under Trog
  2544 | D:4      | Noticed Kilrog's ghost (novice MfEE)
  2546 | D:4      | Reached skill level 5 in Maces & Flails
  2561 | D:4      | Killed Kilrog's ghost
  2561 | D:4      | Reached skill level 6 in Maces & Flails
  2561 | D:4      | Reached XP level 7. HP: 15/62 MP: 6/6
  2742 | D:4      | Found Leka's Antique Armour Shop.
  2754 | D:4      | Reached skill level 5 in Dodging
  2766 | D:4      | Found a staircase to the Ecumenical Temple.
  2805 | D:4      | Noticed Blork the orc
  2812 | D:4      | Found a deep blue altar of Sif Muna.
  3000 | D:4      | Killed Blork the orc
  3029 | D:5      | Entered Level 5 of the Dungeon
  3064 | D:5      | Reached XP level 8. HP: 57/70 MP: 7/7
  3069 | D:5      | Gained mutation: You are clumsy. (Dex -2) [potion of mutation]
  3069 | D:5      | Lost mutation: You are clumsy. (Dex -2) [potion of mutation]
  3192 | D:5      | Reached skill level 7 in Maces & Flails
  3217 | D:5      | Found a bloodstained altar of Trog.
  3305 | D:5      | Found a shimmering altar of Xom.
  3398 | D:5      | Noticed tomat's ghost (amateur MiBe)
  3416 | D:5      | Killed tomat's ghost
  3686 | D:5      | Reached skill level 8 in Maces & Flails
  3911 | D:6      | Found an iron altar of Okawaru.
  4134 | D:6      | Reached **** piety under Trog
  4148 | D:6      | Found a glowing silver altar of Zin.
  4148 | D:6      | Found a snail-covered altar of Cheibriados.
  4235 | D:6      | Reached skill level 9 in Maces & Flails
  4299 | D:6      | Found an opulent altar of Gozag.
  4501 | D:7      | Reached XP level 9. HP: 78/78 MP: 8/8
  4720 | D:7      | Found a hazy altar of Hepliaklqana.
  4848 | D:7      | Identified a scroll of acquirement
  4849 | D:7      | Got a dazzling eveningstar
  4850 | D:7      | Identified the +10 eveningstar of the Beast {drain, rElec rPois MR+} (You acquired it on level 7 of the Dungeon)
  4887 | D:7      | Reached skill level 5 in Armour
  4893 | D:7      | Reached skill level 10 in Maces & Flails
  5170 | D:8      | Found a roughly hewn altar of Beogh.
  5197 | D:8      | Reached ***** piety under Trog
  5289 | D:8      | Reached skill level 11 in Maces & Flails
  5450 | D:8      | Reached XP level 10. HP: 84/90 MP: 9/9
  5570 | D:8      | Found a glowing golden altar of the Shining One.
  5596 | D:8      | Found an opulent altar of Gozag.
  5627 | D:8      | Found a blossoming altar of Fedhas.
  5827 | D:9      | Noticed Grum
  5834 | D:9      | Killed Grum
  5842 | D:9      | Noticed Gastronok
  5855 | D:9      | Killed Gastronok
  5855 | D:9      | Reached skill level 12 in Maces & Flails
  5900 | D:9      | Reached skill level 13 in Maces & Flails
  5903 | D:9      | Received a gift from Trog
  6199 | D:9      | Found a shadowy altar of Dithmenos.
  6201 | D:9      | Found a burning altar of Makhleb.
  6239 | D:9      | Noticed Maurice
  6248 | D:9      | Killed Maurice
  6547 | D:10     | Entered Level 10 of the Dungeon
  6547 | D:10     | Noticed TheWoodenMan's ghost (novice DrCj)
  6567 | D:10     | Killed TheWoodenMan's ghost
  6567 | D:10     | Reached skill level 10 in Fighting
  6567 | D:10     | Reached XP level 11. HP: 74/99 MP: 10/10
  6790 | D:10     | Reached skill level 14 in Maces & Flails
  7335 | D:10     | Found a staircase to the Lair.
  7427 | Lair:1   | Entered Level 1 of the Lair of Beasts
  7564 | Lair:1   | Noticed Vajrapani's ghost (novice MiFi)
  7577 | Lair:1   | Killed Vajrapani's ghost
  8217 | Lair:2   | Reached skill level 15 in Maces & Flails
  8525 | Lair:2   | Reached XP level 12. HP: 107/110 MP: 11/11
  9175 | Lair:3   | Noticed a six-headed hydra
  9183 | Lair:3   | Killed a six-headed hydra
  9295 | Lair:3   | Reached skill level 16 in Maces & Flails
  9332 | Lair:3   | Received a gift from Trog
  9337 | Lair:3   | Found a staircase to the Snake Pit.
  9340 | Lair:3   | Got an encrusted dire flail {god gift}
  9343 | Lair:3   | Identified the +9 dire flail of No Interval {drain, MR- Int+3 Dex+3} (Trog gifted it to you on level 3 of the Lair of Beasts)
  9410 | Snake:1  | Entered Level 1 of the Snake Pit
  9410 | Snake:1  | Noticed an anaconda
  9410 | Snake:1  | Noticed an anaconda
  9410 | Snake:1  | Noticed a naga warrior
  9410 | Snake:1  | Noticed an anaconda
  9413 | Snake:1  | Killed an anaconda
  9413 | Snake:1  | Reached skill level 10 in Armour
  9414 | Snake:1  | Noticed Louise
  9420 | Snake:1  | Killed an anaconda
  9422 | Snake:1  | Mangled by a naga warrior

Skill      XL: |  1  2  3  4  5  6  7  8  9 10 11 12 |
---------------+-------------------------------------+-----
Fighting       | 4 5 6 8 10 11 12 | 12.2
Axes           | 4 |  4.6
Maces & Flails | 1 3 6 9 11 13 15 16 | 16.2
Dodging        | 3 4 5 6 7 8 |  8.2
Stealth        | 1 2 3 |  3.4
Armour         | 4 5 7 9 10 | 10.1

Action                   |  1- 3 |  4- 6 |  7- 9 | 10-12 || total
-------------------------+-------+-------+-------+-------++-------
Melee: Whip              |    88 |   104 |    93 |       ||   285
       Headbutt          |    13 |    15 |    49 |    61 ||   138
       Flail             |       |       |    82 |       ||    82
       Eveningstar       |       |       |    64 |   322 ||   386
Invok: Trog's Hand       |       |     1 |       |     2 ||     3
       Burn Spellbooks   |       |       |     2 |     1 ||     3
       Berserk           |       |       |     2 |     1 ||     3
  Use: Scroll            |     4 |     3 |     7 |    11 ||    25
       Potion            |     1 |     5 |     6 |     3 ||    15
 Stab: Sleeping          |     1 |     1 |       |       ||     2
  Eat: Chunk             |     1 |     2 |     3 |     5 ||    11
       Bread ration      |       |     1 |     2 |     1 ||     4
       Meat ration       |       |       |       |     1 ||     1
Armor: Animal skin       |    11 |    22 |       |       ||    33
       Chain mail        |       |       |    38 |       ||    38
       Scale mail        |       |       |    39 |    95 ||   134
Dodge: Dodged            |    52 |    58 |   146 |   240 ||   496
